 Dungeon Crawl Stone Soup version 0.31-a0-1154-gadca813884 (webtiles) character file.

Game seed: 3856043937878887190

1215 Dirtsage the Mimic (level 8, -2/52 HPs)
             Began as an Octopode Shapeshifter on Dec 7, 2023.
             Succumbed to a water moccasin's poison
             ... on level 5 of the Dungeon.
             The game lasted 00:07:34 (3455 turns).

Dirtsage the Mimic (Octopode Shapeshifter)          Turns: 3455, Time: 00:07:35

Health: -2/52      AC:  1    Str: 13    XL:     8   Next: 46%
Magic:  8/8        EV: 23    Int: 13    God:
Gold:   261        SH:  0    Dex: 13    Spells: 7/7 levels left

rFire   . .          .
                       - Unarmed
rCold   + . .        (shield currently unavailable)
rNeg    . . .        (helmet restricted)
rPois   .            (no amulet)
rElec   .            j - +5 ring of evasion
rCorr   .            I - ring of protection from cold
SInv    .            (no ring)
Will    .....        (no ring)
Stlth   +            (no ring)
HPRegen 0.28/turn    (no ring)
MPRegen 0.11/turn    (no ring)
                     (no ring)

%: no passive effects
@: mighty, brilliant, lethally poisoned (-2 -> -12), flux-form, attractive,
glowing, studying Throwing
A: glow, contaminating, almost no armour, amphibious, 8 rings, camouflage 1,
gelatinous body 1, (nimble swimmer 1), tentacles
a: Begin Untransformation


You were on level 5 of the Dungeon.
You were something dangerously unstable.
You visited 1 branch of the dungeon, and saw 5 of its levels.
You also visited: Ossuary.

You collected 261 gold pieces.

Inventory:

Magical Staves
 r - a staff of earth
Jewellery
 j - a +5 ring of evasion (left tentacle)
 l - a ring of ice
 I - a ring of protection from cold (right tentacle)
Talismans
 b - a beast talisman
 c - a flux talisman (active)
Scrolls
 a - a scroll of immolation
 e - 2 scrolls of enchant armour
 g - 2 scrolls of fog
 h - a scroll of torment
 i - a scroll of revelation {unknown}
 k - a scroll of enchant weapon
 m - a scroll of butterflies
 t - a scroll of teleportation
Potions
 d - 2 potions of might
 f - 2 potions of resistance {unknown}
 n - a potion of curing {unknown}
 o - a potion of invisibility {unknown}
 p - 3 potions of attraction
 q - 2 potions of enlightenment {unknown}
 s - a potion of brilliance


   Skills:
 + Level 3.2 Fighting
 + Level 3.7 Dodging
 + Level 4.4 Unarmed Combat
 + Level 8.0 Shapeshifting


You had 7 spell levels left.
You didn't know any spells.
Your spell library contained the following spells:

 Spells                   Type           Power      Damage    Failure   Level
 Apportation              Tloc           0%         N/A       30%         1
 Necrotise                Necr           0%         1d4       30%         1
 Summon Small Mammal      Summ           0%         N/A       30%         1
 Ignite Poison            Fire/Tmut/Pois 0%         N/A       67%         3
 Sticky Flame             Conj/Fire      0%         2d3       97%         4
 Ignition                 Fire           0%         3d3       100%        8


Dungeon Overview and Level Annotations

Branches:
Dungeon (5/15)            Ossuary (visited)
 Temple: D:4-7

Altars:
Elyvilon

Shops:
D:2 [


Innate Abilities, Weirdness & Mutations

You are something dangerously unstable.
You glow with magical radiation, making you easy to see and hit.
Foes you strike become dangerously contaminated with magical radiation.
You are incapable of wielding weapons or throwing items.
You cannot wear most types of armour.
You are amphibious.
You can wear up to eight rings at the same time.
Your skin changes colour to match your surroundings (Stealth+).
Your rubbery body absorbs attacks. (AC +1, EV +1)
((You are camouflaged when in or above water. (Stealth+)))
You have tentacles for arms and can constrict up to eight enemies at once.


Message History

You kill the ogre!
The water moccasin completely misses you.
The water moccasin bites you.
You are poisoned.
The water moccasin poisons you!
Your Shapeshifting skill increases to level 8!
You take 6 damage, and have 21/52 hp.
You tentacle-slap the water moccasin.
The water moccasin begins to glow.
Your grab misses the water moccasin.
The water moccasin is lightly wounded.
You feel very sick. The water moccasin bites you.
* * * LOW HITPOINT WARNING * * *
You take 9 damage, and have 12/52 hp.
You tentacle-slap the water moccasin.
The water moccasin glows dangerously bright.
Your grab misses the water moccasin. Your squeeze misses the water moccasin.
The water moccasin is moderately wounded.
You feel sick. The water moccasin bites you.
* * * LOW HITPOINT WARNING * * *
You take 4 damage, and have 8/52 hp.
Okay, then.
It was a potion of attraction.
You feel attractive to monsters.
* * * LOW HITPOINT WARNING * * *
You feel sick. The water moccasin bites you.
* * * LOW HITPOINT WARNING * * *
You are more poisoned.
The water moccasin poisons you! The water moccasin barely misses you.
You take 4 damage, and have 4/52 hp.
It was a potion of might.
You feel very mighty all of a sudden.
d - 2 potions of might;
e - 2 scrolls of enchant armour
* * * LOW HITPOINT WARNING * * *
You feel very sick. The water moccasin misses you.
You take 3 damage, and have 1/52 hp.
It was a potion of brilliance.
You feel clever all of a sudden.
You die...

##.# ##...#
##............ ..
#...###.............
#.
##..##..............
#...#..............
#...##.>...........
#...###............
#....###..........#
#....####.......###
#.p...# ##.....##
#S)...## ####..#
##...†..# #..#
##.......## #..#
#.........# #..#
#.........# #..#
#.....?.....# #..#
#.............# #..#
...............#
....


You could see a water moccasin (heavy contam).

Vanquished Creatures
  Grinder (D:3)
  Eustachio (D:4)
  An ogre (D:5)
  4 elf zombies
  2 scorpions
  A hound (D:4)
  A human skeleton (D:4)
  Jessica (D:2)
  A human zombie (D:4)
  A gnoll bouda (D:3)
  2 orc wizards (D:2)
  2 mummies (Ossuary)
  6 adders
  3 gnolls (D:3)
  An adder zombie (Ossuary)
  3 worms
  2 dart slugs (D:1)
  4 orcs
  10 endoplasms
  6 giant cockroaches
  7 goblins
  6 hobgoblins
  3 jackals (D:3)
  9 kobolds
  5 quokkas
  11 ball pythons
  6 bats
  6 frilled lizards
  A goblin zombie (Ossuary)
  8 hobgoblin zombies (Ossuary)
  4 jackal zombies (Ossuary)
  13 kobold zombies (Ossuary)
  3 orc skeletons (D:4)
  6 orc zombies (Ossuary)
  4 rats
  A rat zombie (Ossuary)
146 creatures vanquished.

Notes
Turn   | Place    | Note
-------+----------+-------------------------------------------
     0 | D:1      | Dirtsage the Octopode Shapeshifter began the quest for the
                  | Orb.
     0 | D:1      | Reached XP level 1. HP: 13/13 MP: 1/1
     2 | D:1      | Noticed a ghoul
     4 | D:1      | Noticed a tengu
     4 | D:1      | Noticed a gargoyle
     6 | D:1      | Noticed a demigod
     6 | D:1      | Noticed an ogre
     8 | D:1      | Noticed a naga
     8 | D:1      | Noticed a minotaur
    10 | D:1      | Noticed a vampire
    12 | D:1      | Noticed an octopode
    12 | D:1      | Noticed a demonspawn
    14 | D:1      | Noticed a human
    14 | D:1      | Noticed a draconian
    16 | D:1      | Noticed a formicid
    18 | D:1      | Noticed a merfolk
    18 | D:1      | Noticed a troll
    20 | D:1      | Noticed a spriggan
    20 | D:1      | Noticed a meteoran
    22 | D:1      | Noticed an elf
    22 | D:1      | Noticed a felid
    24 | D:1      | Noticed an armataur
    26 | D:1      | Noticed a formicid
    78 | D:1      | Reached XP level 2. HP: 18/18 MP: 2/2
   318 | D:1      | Reached XP level 3. HP: 23/23 MP: 3/3
   321 | D:1      | Reached skill level 4 in Shapeshifting
   741 | D:2      | Noticed Jessica
   747 | D:2      | Killed Jessica
   748 | D:2      | Reached XP level 4. HP: 23/28 MP: 4/4
   904 | D:2      | Reached skill level 5 in Shapeshifting
  1052 | D:2      | Reached XP level 5. HP: 30/33 MP: 5/5
  1137 | D:2      | Found Reepoakh's Armour Shoppe.
  1536 | D:3      | Reached skill level 6 in Shapeshifting
  1620 | D:3      | Reached XP level 6. HP: 38/38 MP: 6/6
  1785 | D:3      | Noticed Grinder
  1811 | D:3      | Killed Grinder
  1812 | D:3      | Reached skill level 7 in Shapeshifting
  1812 | D:3      | Reached XP level 7. HP: 6/43 MP: 7/7
  2225 | D:4      | Noticed Eustachio
  2234 | D:4      | Killed Eustachio
  2351 | D:4      | Found a sand-covered staircase.
  2380 | Ossuary  | Entered an ossuary
  2567 | Ossuary  | Reached XP level 8. HP: 27/51 MP: 8/8
  2812 | D:4      | Found a white marble altar of Elyvilon.
  3153 | D:5      | Entered Level 5 of the Dungeon
  3451 | D:5      | Reached skill level 8 in Shapeshifting
  3454 | D:5      | HP: 1/52 [poisoned by a water moccasin]
  3455 | D:5      | Succumbed to a water moccasin's poison

Illustrated notes

Levels and vault maps discovered:
D:1:      kb_arrival_jail, layout_basic
D:2:      layout_rooms, serial_shops, nicolae_shop_peninsula, minmay_bisected,
          uniq_jessica
D:3:      layout_rooms, uniq_grinder
D:4:      layout_cave_pools, mainiacjoe_overflow_six_doors_small,
          nicolae_ossuary_entry_catacombs, uniq_eustachio
D:5:      layout_cave_pods, nicolae_shop_clearance

Skill      XL: |  1  2  3  4  5  6  7  8 |
---------------+-------------------------+-----
Shapeshifting  | 4 5 6 7 8 |  8.0
Fighting       | 2 3 |  3.2
Dodging        | 3 |  3.7
Unarmed Combat | 4 |  4.4

Action                     |  1- 3 |  4- 6 |  7- 9 || total
---------------------------+-------+-------+-------++-------
  Melee: Unarmed           |    50 |   106 |   176 ||   332
         Constrict         |    14 |    25 |    59 ||    98
         Tentacles         |    13 |    21 |    58 ||    92
         Punch             |     3 |     1 |     1 ||     5
    Use: Potion            |       |     1 |     3 ||     4
         Scroll            |       |       |     8 ||     8
   Stab: Sleeping          |     7 |     7 |     2 ||    16
 Armour: Skin              |    22 |    32 |    34 ||    88
  Dodge: Dodged            |    21 |    65 |   123 ||   209
   Form: Flux              |       |       |     1 ||     1

Table legend: (Time is in decaauts)
 A = Elapsed time spent in this place.
 B = Non-inter-level travel time spent in this place.
 C = Inter-level travel time spent in this place.
 D = Time resting spent in this place.
 E = Time spent auto-exploring this place.
 F = Levels seen in this place.
 G = Mean time per level.
                   A        B        C        D        E       F      G
               +--------+--------+--------+--------+--------+-----+--------+
         Total |   3432 |   3335 |     97 |    129 |   2199 |   6 |  572.0 |
       Dungeon |   3027 |   2930 |     97 |    129 |   2045 |   5 |  605.4 |
       Ossuary |    404 |    404 |      0 |      0 |    154 |   1 |  404.0 |
               +--------+--------+--------+--------+--------+-----+--------+

Top non-repeatable levels by time:
     D:3: 744 daAuts
     D:1: 669 daAuts
     D:4: 658 daAuts
     D:2: 655 daAuts
 Ossuary: 404 daAuts
     D:5: 300 daAuts
